 Dungeon Crawl Stone Soup version 0.30.1-3-gfc49f6343a (webtiles) character file.

Game seed: 12059876576627461066

647738 Peloso the Minotaur Barricade (level 27, -32/269 (273) HPs)
             Began as a Minotaur Fighter on July 23, 2023.
             Was the Champion of Okawaru.
             Killed from afar by an ancient lich (94 damage)
             ... with a crystal spear
             ... on level 5 of the Realm of Zot on July 24, 2023.
             The game lasted 03:55:43 (85372 turns).

Peloso the Minotaur Barricade (Minotaur Fighter)   Turns: 85372, Time: 03:55:44

HP:   -32/269 (273) AC: 53    Str: 46    XL:     27
MP:   35/37         EV: 15    Int:  9    God:    Okawaru [******]
Gold: 13269         SH: 33    Dex: 15    Spells: 26/26 levels left

rFire   + + .        b - +9 double sword (elec)
rCold   + + .        d - +8 tower shield of Objectivity {Will+ Int+3}
rNeg    + . .        i - +12 gold dragon scales
rPois   +            N - +4 hat of the Moon {+Blink Regen+ Int+4}
rElec   +            l - scarf "Uwimp" {shadows, rPois rN+ rCorr Dex-2}
rCorr   +            g - +2 pair of gloves
SInv    .            u - +2 pair of boots of the Fiddle {Fly rCorr}
Will    ++++.        f - amulet of regeneration Stlth
                     e - ring of Midsummer {rElec rPois Str+6 Slay+6}
HPRegen 2.24/turn    w - ring "Akoefymn" {rPois Str+6 Dex+3 Slay+2}
MPRegen 0.25/turn

%: no passive effects
@: mighty, resistant, heroic, flying, studying 3 skills, lightly drained
A: horns 2, retaliatory headbutt, iridescent scales 1, dopey 1, strong-willed 1,
mutation resistance 1, poison resistance, strong 1
}: 4/15 runes: decaying, slimy, silver, gossamer
a: Renounce Religion, Evoke Blink, Heroism, Finesse, Duel


You were on level 5 of the Realm of Zot.
You worshipped Okawaru.
Okawaru was exalted by your worship.
You visited 12 branches of the dungeon, and saw 56 of its levels.
You visited 1 bazaar.
You also visited: Trove, Ossuary, Gauntlet and Ice Cave.

You collected 15073 gold pieces.
You spent 1804 gold pieces at shops.

Inventory:

Hand Weapons
 a - the +8 scimitar "Vuruih" {drain, rElec rC+ Will+ rCorr}
   (Okawaru gifted it to you on level 2 of the Elven Halls)

   rC:        It protects you from cold.
   rElec:     It insulates you from electricity.
   rCorr:     It protects you from acid and corrosion.
   Will:      It increases your willpower.
 b - a +9 double sword of electrocution (weapon)
 c - the +11 double sword of Blood-Lust {venom, Will+}
   (You bought it in a shop on level 13 of the Dungeon)

   Will:      It increases your willpower.
Armour
 d - the +8 tower shield of Objectivity (worn) {Will+ Int+3}
   (Okawaru gifted it to you on level 3 of the Lair of Beasts)

   Int:       It affects your intelligence (+3).
   Will:      It increases your willpower.
 g - a +2 pair of gloves (worn)
 i - +12 gold dragon scales (worn)
 l - the scarf "Uwimp" (worn) {shadows, rPois rN+ rCorr Dex-2}
   (You found it in a treasure trove)

   Dex:       It affects your dexterity (-2).
   rPois:     It protects you from poison.
   rN:        It protects you from negative energy.
   rCorr:     It protects you from acid and corrosion.
 n - a +1 buckler of reflection
 u - the +2 pair of boots of the Fiddle (worn) {Fly rCorr}
   (Okawaru gifted it to you on level 5 of the Pits of Slime)

   Fly:       It grants you flight.
   rCorr:     It protects you from acid and corrosion.
 B - +0 shadow dragon scales
 E - +8 gold dragon scales
 N - the +4 hat of the Moon (worn) {+Blink Regen+ Int+4}
   (You found it on level 4 of the Spider Nest)

   Int:       It affects your intelligence (+4).
   +Blink:    It lets you blink.
   Regen:     It increases your rate of health regeneration.
Jewellery
 e - the ring of Midsummer (left hand) {rElec rPois Str+6 Slay+6}
   (You found it in a treasure trove)

   [ring of strength]

   Str:       It affects your strength (+6).
   Slay:      It affects your accuracy & damage with ranged weapons and melee
   (+6).
   rElec:     It insulates you from electricity.
   rPois:     It protects you from poison.
 f - an amulet of regeneration (around neck)
 w - the ring "Akoefymn" (right hand) {rPois Str+6 Dex+3 Slay+2}
   (You found it in a treasure trove)

   [ring of strength]

   Str:       It affects your strength (+6).
   Dex:       It affects your dexterity (+3).
   Slay:      It affects your accuracy & damage with ranged weapons and melee
   (+2).
   rPois:     It protects you from poison.
 x - an amulet of magic regeneration
 A - a +6 ring of dexterity
 G - the ring "Dytzaah" {rPois rCorr AC+4 Dex-5 Stlth+}
   (You found it on level 1 of the Realm of Zot)

   [ring of protection]

   AC:        It affects your AC (+4).
   Dex:       It affects your dexterity (-5).
   rPois:     It protects you from poison.
   rCorr:     It protects you from acid and corrosion.
   Stlth:     It makes you more stealthy.
 H - a ring of flight
 S - an amulet of reflection
 T - a ring of see invisible
Wands
 r - a wand of flame (8)
 y - a wand of digging (39)
 C - a wand of iceblast (4)
Scrolls
 h - 11 scrolls of noise
 k - 20 scrolls of teleportation
 p - 8 scrolls of immolation
 v - 12 scrolls of poison
 D - 5 scrolls of blinking
 F - 5 scrolls of fear
 I - a scroll of silence
 K - 5 scrolls of magic mapping
 M - a scroll of enchant armour
 O - a scroll of amnesia
Potions
 j - 17 potions of flight
 m - 26 potions of curing
 o - 11 potions of might
 q - 11 potions of resistance
 t - 7 potions of haste
 z - a potion of cancellation
 J - a potion of brilliance
 L - 4 potions of mutation


   Skills:
 O Level 27 Fighting
 O Level 27 Long Blades
 + Level 0.1(5.1) Axes
 O Level 27 Armour
 + Level 7.2(12.2) Dodging
 + Level 5.8(10.8) Stealth
 O Level 27 Shields
 + Level 23.6 Invocations
 + Level 1.8 Evocations


You had 26 spell levels left.
You didn't know any spells.
Your spell library contained the following spells:

 Spells                   Type           Power      Damage    Failure   Level
 Beastly Appendage        Tmut           0%         N/A       77%         1
 Magic Dart               Conj           0%         1d3       77%         1
 Necrotise                Necr           0%         1d4       77%         1
 Sandblast                Erth           0%         2d4       77%         1
 Shock                    Conj/Air       0%         1d3       77%         1
 Sting                    Tmut/Pois      0%         1d3       77%         1
 Blink                    Tloc           0%         N/A       88%         2
 Cigotuvi's Dreadful Rot  Necr/Pois/Air  0%         N/A       88%         2
 Ensorcelled Hibernation  Hex/Ice        0%         N/A       88%         2
 Lesser Beckoning         Tloc           0%         N/A       88%         2
 Passwall                 Tmut/Erth      0%         N/A       88%         2
 Poisonous Vapours        Pois/Air       0%         N/A       88%         2
 Scorch                   Fire           0%         2d5       88%         2
 Searing Ray              Conj           0%         2d4       88%         2
 Sublimation of Blood     Necr           0%         N/A       88%         2
 Wereblood                Tmut           0%         N/A       88%         2
 Frozen Ramparts          Ice            0%         1d1       98%         3
 Gell's Gravitas          Tloc           0%         N/A       98%         3
 Hailstorm                Conj/Ice       0%         3d3       98%         3
 Ignite Poison            Fire/Tmut/Pois 0%         N/A       98%         3
 Inner Flame              Hex/Fire       0%         N/A       98%         3
 Mephitic Cloud           Conj/Pois/Air  0%         N/A       98%         3
 Ozocubu's Armour         Ice            0%         N/A       98%         3
 Portal Projectile        Hex/Tloc       0%         N/A       98%         3
 Spider Form              Tmut/Pois      0%         N/A       98%         3
 Stone Arrow              Conj/Erth      0%         3d7       98%         3
 Swiftness                Air            0%         N/A       98%         3
 Teleport Other           Tloc           0%         N/A       98%         3
 Vampiric Draining        Necr           0%         2d6       98%         3
 Airstrike                Air            0%         2d(0-16)  100%        4
 Anguish                  Hex/Necr       0%         N/A       100%        4
 Cause Fear               Hex            0%         N/A       100%        4
 Dispel Undead            Necr           0%         3d6       100%        4
 Flame Wave               Conj/Fire      0%         2d4       100%        4
 Fulminant Prism          Conj/Hex       0%         3d5       100%        4
 Ice Form                 Ice/Tmut       0%         N/A       100%        4
 Leda's Liquefaction      Hex/Erth       0%         N/A       100%        4
 Manifold Assault         Tloc           0%         N/A       100%        4
 Olgreb's Toxic Radiance  Pois           0%         N/A       100%        4
 Petrify                  Tmut/Erth      0%         N/A       100%        4
 Sticky Flame             Conj/Fire      0%         2d3       100%        4
 Agony                    Necr           0%         N/A       100%        5
 Alistair's Intoxication  Tmut/Pois      0%         N/A       100%        5
 Blade Hands              Tmut           0%         N/A       100%        5
 Borgnjor's Vile Clutch   Necr/Erth      0%         N/A       100%        5
 Fireball                 Conj/Fire      0%         3d3       100%        5
 Freezing Cloud           Conj/Ice/Air   0%         6-21      100%        5
 Irradiate                Conj/Tmut      0%         3d11      100%        5
 Lee's Rapid Deconstruct  Erth           0%         3d4*      100%        5
 Yara's Violent Unravell  Hex/Tmut       0%         3d3       100%        5
 Conjure Ball Lightning   Conj/Air       0%         3x3d6     100%        6
 Dispersal                Tloc           0%         N/A       100%        6
 Eringya's Noxious Bog    Tmut/Pois      0%         N/A       100%        6
 Iron Shot                Conj/Erth      0%         9d1       100%        6
 Starburst                Conj/Fire      0%         6d3       100%        6
 Statue Form              Tmut/Erth      0%         N/A       100%        6
 Dragon Form              Tmut           0%         N/A       100%        7
 Enfeeble                 Hex            0%         N/A       100%        7
 Ozocubu's Refrigeration  Ice            0%         4d7       100%        7
 Storm Form               Tmut/Air       0%         N/A       100%        7
 Discord                  Hex            0%         N/A       100%        8
 Disjunction              Tloc           0%         N/A       100%        8
 Ignition                 Fire           0%         3d3       100%        8
 Chain Lightning          Conj/Air       0%         N/A       100%        9
 Fire Storm               Conj/Fire      0%         5d1       100%        9
 Polar Vortex             Ice            0%         N/A       100%        9
 Shatter                  Erth           0%         3d5*      100%        9
 Call Imp                 Summ           Unusable   N/A       N/A         2
 Call Canine Familiar     Summ           Unusable   N/A       N/A         3
 Tukima's Dance           Hex            Unusable   N/A       N/A         3
 Animate Armour           Summ/Erth      Unusable   N/A       N/A         4
 Summon Ice Beast         Ice/Summ       Unusable   N/A       N/A         4
 Death Channel            Necr           Unusable   N/A       N/A         6
 Simulacrum               Ice/Necr       Unusable   N/A       N/A         6
 Summon Cactus Giant      Summ           Unusable   N/A       N/A         6

Dungeon Overview and Level Annotations

Branches:
Dungeon (15/15)            Temple (1/1) D:6            Lair (5/5) D:9
  Swamp (4/4) Lair:2       Spider (4/4) Lair:2        Slime (5/5) Lair:5
    Orc (2/2) D:11            Elf (3/3) Orc:2        Vaults (5/5) D:13
  Crypt (3/3) Vaults:2       Tomb (0/3) Crypt:3      Depths (4/4) D:15
    Zot (5/5) Depths:4    Ossuary (visited)           IceCv (visited)
Gauntlet (visited)

Altars:
Ashenzari
Cheibriados
Dithmenos
Fedhas
Gozag
Hepliaklqana
Kikubaaqudgha
Makhleb
Okawaru
Qazlal
Ru
Sif Muna
Trog
Wu Jian
Xom
Yredelemnul
Zin
The Shining One
Jiyva

Shops:
D:6 (   D:7 :   D:13 !:((=   Orc:2 :*(*(   Vaults:2 *   Vaults:5 [
Depths:1 (=   Depths:3 [:*(=

Portals:
Hell: Depths:1 Depths:2 Depths:3 Depths:4
Abyss: Depths:2 Depths:3
Pandemonium: Depths:1 Depths:2
Ziggurat: Depths:1

Annotations:
Lair:1 Casa
Vaults:2 3 runed translucent doors, exclusion: obsidian statue, Dacon's ghost, adept MiGl


Innate Abilities, Weirdness & Mutations

You have a pair of horns on your head.
You reflexively headbutt those who attack you in melee.
You are partially covered in iridescent scales. (AC +2)
You are dopey. (Int -2)
You are strong-willed. (Will+)
You are somewhat resistant to further mutation.
Your system is resistant to poisons. (rPois)
Your muscles are strong. (Str +4, Int/Dex -1)


Message History

The orb of fire glows deep purple.
The bolt of fire hits you! You resist.
* * * LOW HITPOINT WARNING * * *
The dread lich mumbles some strange words.
You hear a shout!
You hear a roar! x2
You open the orb of fire like a pillowcase!!!
You destroy the orb of fire!
Okawaru accepts your kill.
You hear a chilling moan.
You hear a roar!
You hear some strange, mumbled words.
The Killer Klown giggles crazily.
The Killer Klown blinks!
You cut the Tzitzimitl into ribbons!!! Your headbutt misses the Tzitzimitl.
The Tzitzimitl is heavily wounded.
You hear a shout!
You slice the Tzitzimitl!! You headbutt the Tzitzimitl!!
You kill the Tzitzimitl!
The Tzitzimitl disappears in a puff of smoke!
You hear some strange, mumbled words.
You slice something!! You headbutt something! Something touches you.
* * * LOW HITPOINT WARNING * * *
You partially resist.
You feel drained.
You slice something!! Your headbutt misses something.
Something touches you but does no damage.
You slash something! You headbutt something! Something touches you.
* * * LOW HITPOINT WARNING * * *
You partially resist.
You feel drained.
You slice something!!
You hear a roar!
Something touches you but does no damage.
Unknown command.
You slice something!! Something touches you.
* * * LOW HITPOINT WARNING * * *
Unknown command.
You feel more confident with your borrowed prowess.
Something barely misses you.
You hear some strange, mumbled words.
A crystal spear appears from out of thin air!
The crystal spear hits you!!!!
You die...

#.####.# #.# #.##.# #......#
#.# #.##.# #########.####.#
#.# #.##.# ..........# #.# #.#
#.##.#### ########### #.# #.#
#........ #.###.#### #########
#.......⌠# ###########'###
#.L1{{@....[..#
########L########▓▓▓▓#********
#......XX..^.[..# **,,,,,,,, *
##..........^..## **,,,,,,,,,
** #.^..X........#
**,,,,,,,,,, ,*
##...........## *,,,,,,,,^,,
,* #...........# *,,,,,,,,,,,
,* ##...........##
*,,,,,,,,,,, ,*
#.............# *,,,,,,^,,,,


You could see an ancient lich, a dread lich and an Ice Fiend (summoned).

Vanquished Creatures
  the Royal Jelly (Slime:5)
  5 dread liches
  Mennas (Crypt:1)
  Mara (Spider:3)
  An ancient lich (Depths:2)
  4 orbs of fire
  Josephina (Crypt:2)
  Parghit (Zot:1)
  Saint Roka (Vaults:5)
  Frederick (Depths:3)
  A Killer Klown (Zot:3)
  2 curse toes (Zot:4)
  8 golden dragons
  6 caustic shrikes
  the Enchantress (Depths:1)
  Jorgrun (D:15)
  16 tentacled monstrosities
  2 Ice Fiends (IceCv)
  Rupert (D:14)
  9 liches
  10 titans
  11 Orb Guardians (Zot:5)
  A walking frostbound tome (Depths:3)
  2 walking earthen tomes
  3 deep elf blademasters
  14 acid blobs
  10 quicksilver dragons
  9 death cobs
  6 sphinxes
  A deep elf master archer (Elf:3)
  6 ancient champions
  Agnes (Spider:4)
  13 tengu reavers
  Kirke (D:12)
  10 storm dragons
  13 shadow dragons
  4 thorn hunters
  3 fenstrider witches (Swamp:4)
  7 azure jellies
  6 revenants
  4 rockslimes
  7 draconian knights
  8 draconian monks
  12 frost giants
  A spectral juggernaut (Crypt:3)
  6 ghost moths
  11 vault wardens
  3 iron dragons
  A caustic shrike zombie (Crypt:3)
  3 curse skulls
  5 draconian scorchers
  8 deep elf sorcerers
  12 fire giants
  8 emperor scorpions
  5 draconian shifters
  An orc warlord (Vaults:2)
  20 ironbound preservers
  7 draconian annihilators
  Aizul (Vaults:4)
  7 deep elf elementalists (Elf:3)
  A broodmother (Spider:2)
  A juggernaut zombie (Crypt:2)
  9 draconian stormcallers
  9 spriggan defenders
  9 stone giants
  2 eleionomae
  6 quicksilver oozes
  39 very ugly things
  14 green draconians
  5 vampire knights
  13 ironbound thunderhulks
  Nessos (D:15)
  10 deep elf demonologists
  4 war gargoyles
  7 black draconians
  A dire elephant (shapeshifter) (D:14)
  8 deep elf annihilators
  8 white draconians
  14 dire elephants
  7 yellow draconians
  2 bunyips (Swamp:2)
  10 purple draconians
  A minotaur (Gauntlet)
  12 red draconians
  13 spark wasps
  3 spectral titans (Crypt:3)
  9 eidola
  A green death (Swamp:4)
  10 ettins
  4 deep elf death magi
  A mummy priest (Crypt:2)
  The ghost of ripuliukko the Eclecticist, a journeyman DEEE of Vehumet (D:12)
  3 spectral quicksilver dragons (Crypt:3)
  2 blizzard demons
  3 crystal guardians
  Snorg (D:13)
  A spectral golden dragon (Crypt:3)
  A quicksilver dragon zombie (Crypt:1)
  11 entropy weavers
  7 jiangshi
  7 fire dragons
  21 yaktaur captains
  A shambling mangrove (Swamp:4)
  4 peacekeepers
  9 deep elf high priests
  11 great orbs of eyes
  A spectral fenstrider witch (Crypt:3)
  A rakshasa (Depths:1)
  36 vault guards
  7 ice dragons
  2 spectral spriggans (Crypt:3)
  13 ironbound frosthearts
  3 spriggan air magi
  Erolcha (D:11)
  3 hydras
  A juggernaut simulacrum (Crypt:3)
  A spriggan skeleton (Crypt:2)
  A spectral tengu (Crypt:3)
  7 ogre magi
  9 centaur warriors
  4 ghost crabs
  A catoblepas (Gauntlet)
  4 caustic shrike simulacra
  3 hell beasts
  3 death knights
  A radroach (Spider:1)
  8 alligators
  9 death scarabs (Spider:4)
  15 death yaks
  3 two-headed ogres
  8 boulder beetles
  34 dancing weapons
  7 deep troll shamans
  8 deep troll earth magi
  3 tengu warriors (Depths:1)
  3 jorogumos
  7 vampire magi
  A spectral emperor scorpion (Spider:4)
  10 orc high priests
  A spectral dire elephant (Crypt:3)
  A spectral naga (Crypt:3)
  Urug (D:12)
  7 spriggan berserkers
  3 titan zombies
  2 spectral storm dragons (Crypt:3)
  23 deep elf knights
  2 soul eaters
  30 hell knights
  Amaemon (Lair:3)
  3 iron trolls
  23 skeletal warriors
  5 skysharks
  Sonja (D:13)
  5 fire crabs (Lair:4)
  6 pharaoh ants
  2 sixfirhies (Swamp:4)
  5 goliath frogs
  51 deep trolls
  6 shadow wraiths
  5 bog bodies
  4 glowing orange brains
  8 spriggan druids
  A spectral jorogumo (Spider:4)
  A golden dragon zombie (Crypt:2)
  A death drake (Swamp:4)
  A spriggan simulacrum (IceCv)
  8 orb spiders
  2 swamp dragons
  8 flayed ghosts
  10 lindwurms
  A shadow dragon zombie (Crypt:1)
  7 phantasmal warriors
  27 ironbound convokers
  10 wizards
  3 harpies (Vaults:3)
  A broodmother zombie (Crypt:2)
  5 orc knights
  2 obsidian statues (IceCv)
  4 spectral wolf spiders (Spider:4)
  A harpy (shapeshifter) (D:14)
  An orange crystal statue (Vaults:1)
  13 wolf spiders
  28 deep elf zephyrmancers
  6 steelbarb worms
  A frost giant zombie (Vaults:4)
  23 deep elf archers
  2 stone giant zombies
  A fire giant zombie (D:15)
  11 necromancers
  2 human zombies
  43 ugly things
  3 manticores
  11 shining eyes
  4 orc sorcerers
  A spectral ettin (Crypt:3)
  A sphinx zombie (D:15)
  33 deep elf pyromancers
  2 oklob plants
  A shadow dragon skeleton (Crypt:3)
  A wolf spider zombie (Spider:4)
  A faun (shapeshifter) (Vaults:4)
  22 moths of wrath
  8 cyclopes
  A manticore (shapeshifter) (Vaults:1)
  2 spectral centaurs (Crypt:3)
  10 will-o-the-wisps
  4 black mambas
  A black mamba (shapeshifter) (D:13)
  A stone giant skeleton (Crypt:1)
  9 vault sentinels
  A centaur zombie (D:15)
  5 orange demons
  A naga zombie (Crypt:2)
  An apocalypse crab (Lair:4)
  2 eyes of devastation
  4 demonic crawlers
  A molten gargoyle (Depths:3)
  6 torpor snails
  3 gargoyles
  A sea snake zombie (Crypt:3)
  8 cane toads
  3 rime drakes
  A yaktaur zombie (Vaults:4)
  11 komodo dragons
  2 unseen horrors
  A shock serpent skeleton (Crypt:3)
  A minotaur zombie (Gauntlet)
  An anaconda simulacrum (IceCv)
  37 yaktaurs
  A storm dragon simulacrum (Crypt:3)
  An unseen horror skeleton (Crypt:2)
  2 tengu conjurers
  3 efreet
  3 redback zombies (Spider:4)
  2 golden dragon simulacra (IceCv)
  A kobold demonologist (Orc:1)
  A purple draconian skeleton (Crypt:2)
  2 harpy zombies
  A yaktaur skeleton (Vaults:4)
  28 freezing wraiths
  5 trolls
  A spectral harpy (Crypt:3)
  2 hellwings (Swamp:4)
  3 meliai (D:15)
  A meliai (shapeshifter) (D:13)
  4 spectral jumping spiders (Spider:4)
  Prince Ribbit (D:5)
  A death drake skeleton (Crypt:2)
  A spectral culicivora (Spider:4)
  2 trolls (shapeshifter)
  12 tyrant leeches
  A mana viper skeleton (Crypt:2)
  2 polar bears
  A wind drake (shapeshifter) (Vaults:4)
  A hornet (shapeshifter) (D:13)
  A polar bear (shapeshifter) (Vaults:1)
  13 tarantellas
  Grinder (D:4)
  3 jumping spider zombies (Spider:4)
  8 blink frogs
  17 hornets
  2 tarantella zombies
  A stone giant simulacrum (Crypt:3)
  A draconian simulacrum (Crypt:3)
  A culicivora zombie (Spider:4)
  15 dream sheep
  A jumping spider (shapeshifter) (Vaults:1)
  A frost giant simulacrum (Vaults:4)
  20 jumping spiders
  13 flying skulls
  An ettin skeleton (Vaults:4)
  A fire dragon skeleton (Crypt:2)
  2 black mamba zombies
  An ettin zombie (Orc:1)
  16 culicivoras
  87 slime creatures
  2 centaur simulacra
  16 spriggans
  A naga simulacrum (Crypt:2)
  4 air elementals
  7 wyverns
  54 yaks
  4 water elementals
  3 shadows
  A dire elephant simulacrum (Crypt:3)
  3 vampires
  3 fire elementals
  5 wraiths
  4 fire bats (Depths:3)
  3 hogs (D:12)
  30 vampire mosquitoes
  2 neqoxecs (Swamp:4)
  6 basilisks
  A golden eye (Slime:5)
  3 humans (D:12)
  4 chaos spawn (Swamp:4)
  5 steam dragons
  The ghost of Finguili the Grave Robber, an amateur DsNe (D:3)
  4 acid dragons
  4 harpy simulacra
  A two-headed ogre zombie (Crypt:1)
  49 redbacks
  2 hydra simulacra (IceCv)
  A redback simulacrum (D:14)
  15 wargs
  A glowing shapeshifter zombie (D:15)
  8 swamp worms
  11 water moccasins
  A floating eye (Slime:1)
  A hell hound (Gauntlet)
  2 swamp drakes
  A sky beast (D:6)
  A black bear (shapeshifter) (Vaults:5)
  16 orc warriors
  4 ettin simulacra (IceCv)
  2 black bears
  A black mamba simulacrum (Crypt:1)
  9 ogres
  24 wolves
  10 centaurs
  A dream sheep skeleton (Crypt:3)
  20 kobold brigands
  12 bullfrogs
  An earth elemental (Elf:1)
  3 gnoll sergeants
  3 scorpions
  2 deep troll simulacra (IceCv)
  8 wights
  A warg skeleton (Orc:1)
  9 killer bees
  4 electric eels
  A yak skeleton (Crypt:3)
  4 crimson imps (D:3)
  5 howler monkeys
  3 hounds
  A jelly (D:5)
  30 orc priests
  A cyclops simulacrum (Orc:1)
  A gnoll bouda (D:5)
  Terence (D:2)
  7 iguanas
  A sleepcap (D:5)
  11 orc wizards
  A boggart zombie (Crypt:1)
  3 mummies (Ossuary)
  A howler monkey zombie (Crypt:3)
  28 gnolls
  2 adders (D:2)
  2 orc zombies
  2 orc skeletons
  A shadow imp (D:5)
  A white imp (D:7)
  3 ufetubi
  6 adder zombies (Ossuary)
  A jelly zombie (Crypt:1)
  A worm (D:2)
  3 dart slugs (D:3)
  68 orcs
  6 bats
  7 endoplasms
  4 giant cockroaches
  A gnoll zombie (Ossuary)
  11 goblins
  5 hobgoblins
  4 jackals
  2 quokkas
  5 ball pythons
  A frilled lizard (D:2)
  2 goblin zombies (Ossuary)
  A hobgoblin skeleton (Crypt:1)
  2 hobgoblin zombies (Ossuary)
  A jackal skeleton (Crypt:2)
  37 kobolds
  A kobold zombie (Ossuary)
  2 quokka zombies (Ossuary)
  5 rats
  A rat skeleton (Crypt:1)
  4 rat zombies (Ossuary)
2459 creatures vanquished.

Vanquished Creatures (others)
  Margery (Vaults:2)
  A quicksilver dragon (Zot:4)
  A storm dragon (Zot:4)
  A draconian knight (Zot:1)
  A draconian shifter (Zot:4)
  A deep elf knight (Vaults:3)
  A deep elf pyromancer (Elf:1)
  A moth of wrath (Zot:4)
  2 bloated husks
  A tarantella (Spider:1)
  A spriggan (Depths:1)
  An orc warrior (Vaults:5)
  3 orcs (Vaults:5)
  34 foxfires
50 creatures vanquished.

Grand Total: 2509 creatures vanquished

Notes
Turn   | Place    | Note
-------+----------+-------------------------------------------
     0 | D:1      | Peloso the Minotaur Fighter began the quest for the Orb.
     0 | D:1      | Reached XP level 1. HP: 19/19 MP: 0/0
   237 | D:1      | Reached XP level 2. HP: 23/27 MP: 1/1
   276 | D:1      | Found a faded altar of an unknown god.
   707 | D:2      | Reached XP level 3. HP: 28/33 MP: 2/2
  1045 | D:2      | Noticed Terence
  1061 | D:2      | Killed Terence
  1062 | D:2      | Reached XP level 4. HP: 24/40 MP: 3/3
  1344 | D:2      | Identified the +0 dagger of Intuition {pain, Contam rPois
                  | rCorr Int+2}
  1859 | D:2      | Reached XP level 5. HP: 46/46 MP: 4/4
  2325 | D:3      | Reached skill level 5 in Long Blades
  2933 | D:3      | Found a shimmering altar of Xom.
  3229 | D:3      | Reached skill level 5 in Armour
  3231 | D:3      | Found a runed translucent gate.
  3231 | D:3      | Found a runed translucent gate.
  3232 | D:3      | Found a runed translucent gate.
  3233 | D:3      | Noticed Finguili's ghost (amateur DsNe)
  3259 | D:3      | Reached XP level 6. HP: 50/53 MP: 5/5
  3293 | D:3      | Reached skill level 1 in Dodging
  3558 | D:4      | Found a sand-covered staircase.
  3566 | D:4      | Noticed Grinder
  3567 | D:4      | Paralysed by Grinder for 4 turns
  3575 | D:4      | Killed Grinder
  3576 | D:4      | Reached XP level 7. HP: 60/60 MP: 6/6
  3590 | D:4      | Reached skill level 5 in Fighting
  3630 | Ossuary  | Entered an ossuary
  3937 | Ossuary  | Identified a scroll of acquirement
  3937 | Ossuary  | Acquired a +1 double sword of electrocution
  3995 | D:4      | Found a burning altar of Makhleb.
  4428 | D:5      | Entered Level 5 of the Dungeon
  4465 | D:5      | Reached skill level 5 in Shields
  4623 | D:5      | Reached XP level 8. HP: 55/69 MP: 7/7
  4889 | D:5      | Noticed Prince Ribbit
  4911 | D:5      | Killed Prince Ribbit
  5529 | D:6      | Reached skill level 1 in Stealth
  5537 | D:6      | Reached XP level 9. HP: 33/78 MP: 8/8
  5784 | D:6      | Found a staircase to the Ecumenical Temple.
  5792 | Temple   | Entered the Ecumenical Temple
  5853 | Temple   | Became a worshipper of Warmaster Okawaru
  6048 | D:6      | Identified the +1 ring mail "Papy" {Harm rF- rC+++ Dex-2}
  6057 | D:6      | Found Xadirr's Weapon Shoppe.
  6274 | D:6      | Found a bloodstained altar of Trog.
  6313 | D:7      | Noticed a troll
  6313 | D:7      | Found Sufunootz's Self-Improvement Boutique.
  6328 | D:7      | Killed a troll
  6329 | D:7      | Reached skill level 10 in Long Blades
  6841 | D:7      | Reached * piety under Okawaru
  6881 | D:7      | Found a blossoming altar of Fedhas.
  6884 | D:7      | Found an ancient bone altar of Kikubaaqudgha.
  6884 | D:7      | Found a shimmering blue altar of Sif Muna.
  7323 | D:8      | Reached skill level 10 in Armour
  7637 | D:8      | Reached XP level 10. HP: 86/86 MP: 9/9
  7640 | D:8      | Reached ** piety under Okawaru
  8350 | D:9      | Found a glowing silver altar of Zin.
  8447 | D:9      | Reached *** piety under Okawaru
  8674 | D:9      | Found a staircase to the Lair.
  9137 | D:10     | Entered Level 10 of the Dungeon
  9155 | D:10     | Reached **** piety under Okawaru
  9334 | D:10     | Noticed a two-headed ogre
  9356 | D:10     | Killed a two-headed ogre
  9492 | D:10     | Noticed a cyclops
  9501 | D:10     | Killed a cyclops
  9502 | D:10     | Reached XP level 11. HP: 74/97 MP: 10/10
 10417 | D:11     | Noticed Erolcha
 10423 | D:11     | Killed Erolcha
 10604 | D:11     | Found a staircase to the Orcish Mines.
 10879 | D:11     | Reached ***** piety under Okawaru
 10949 | D:11     | Found a portal to a secret trove of treasure.
 11521 | D:11     | Identified the +8 plate armour of Lucidity {+Blink Str-4
                  | Int+4} (Okawaru gifted it to you on level 11 of the
                  | Dungeon)
 11521 | D:11     | Received a gift from Okawaru
 11682 | D:12     | Noticed Urug
 11689 | D:12     | Killed Urug
 11821 | D:12     | Found a runed translucent door.
 11840 | D:12     | Noticed ripuliukko's ghost (journeyman DEEE)
 12000 | D:12     | Reached skill level 10 in Fighting
 12315 | D:12     | Noticed a boulder beetle
 12343 | D:12     | Killed a boulder beetle
 12344 | D:12     | Reached XP level 12. HP: 65/106 MP: 11/11
 12369 | D:12     | Reached skill level 15 in Long Blades
 12717 | D:12     | Noticed Kirke
 12738 | D:12     | Killed Kirke
 12848 | D:12     | Noticed a boulder beetle
 12865 | D:12     | Killed a boulder beetle
 13131 | Lair:1   | Entered Level 1 of the Lair of Beasts
 14587 | Lair:2   | Reached ****** piety under Okawaru
 14587 | Lair:2   | Identified the +1 robe "Rumer" {+Blink rPois Dex+3}
                  | (Okawaru gifted it to you on level 2 of the Lair of Beasts)
 14587 | Lair:2   | Received a gift from Okawaru
 15004 | Lair:2   | Noticed a five-headed hydra
 15004 | Lair:2   | Noticed a death yak
 15004 | Lair:2   | Noticed a death yak
 15004 | Lair:2   | Noticed a death yak
 15203 | Orc:1    | Entered Level 1 of the Orcish Mines
 15579 | Orc:1    | Reached XP level 13. HP: 118/118 MP: 12/12
 16422 | Orc:2    | Entered Level 2 of the Orcish Mines
 16491 | Orc:2    | Found a staircase to the Elven Halls.
 16755 | Orc:2    | Reached skill level 15 in Armour
 17616 | Orc:2    | Found Zutwaxim's Antique Weapon Shop.
 17616 | Orc:2    | Found Ysaygiydgh's Assorted Antiques.
 17631 | Orc:2    | Bought a scroll labelled FEILALOE MIRU for 30 gold pieces
 17631 | Orc:2    | Bought a scroll labelled ZAEQEUP JOI for 30 gold pieces
 17631 | Orc:2    | Bought a scroll labelled ZAEQEUP JOI for 30 gold pieces
 17764 | Orc:2    | Identified the +9 great sword "Saam" {drain, rPois}
                  | (Okawaru gifted it to you on level 2 of the Orcish Mines)
 17764 | Orc:2    | Received a gift from Okawaru
 17772 | Orc:2    | Found Etan's Weapon Shop.
 17772 | Orc:2    | Found Ebleno's Assorted Antiques.
 18127 | Orc:2    | Found Kius's Book Shop.
 18359 | Orc:2    | Bought a scroll of identify for 36 gold pieces
 18489 | Orc:2    | Bought a translucent scale mail for 270 gold pieces
 18489 | Orc:2    | Identified the +1 scale mail of Beyond {Slay+3 Stlth+} (You
                  | bought it in a shop on level 2 of the Orcish Mines)
 18494 | Orc:2    | Bought a glowing hat for 210 gold pieces
 18738 | Lair:2   | Found a staircase to the Swamp.
 18874 | Lair:2   | Reached skill level 10 in Shields
 19387 | Lair:2   | Found a hole to the Spider Nest.
 19671 | Lair:3   | Noticed Amaemon
 20135 | Lair:3   | Killed Amaemon
 20317 | Lair:3   | Identified the +8 tower shield of Objectivity {Will+ Int+3}
                  | (Okawaru gifted it to you on level 3 of the Lair of Beasts)
 20317 | Lair:3   | Received a gift from Okawaru
 20485 | Lair:3   | Reached XP level 14. HP: 130/130 MP: 13/13
 21201 | Lair:4   | Found a runed translucent door.
 22162 | Lair:4   | Found a blossoming altar of Fedhas.
 22504 | Lair:4   | Received a gift from Okawaru
 23090 | Lair:4   | Identified the ring "Peam" {rF+ rC- Dex+6 SInv}
 23189 | Lair:5   | Entered Level 5 of the Lair of Beasts
 23901 | Lair:5   | Received a gift from Okawaru
 24530 | Lair:5   | Reached XP level 15. HP: 124/139 MP: 14/14
 24732 | Lair:5   | Found a runed translucent door.
 24767 | Lair:5   | Reached skill level 15 in Fighting
 25182 | Lair:5   | Found a viscous altar of Jiyva.
 25184 | Lair:5   | Found a staircase to the Slime Pits.
 25889 | D:3      | Killed Finguili's ghost
 26111 | D:12     | Killed ripuliukko's ghost
 26153 | D:13     | Found Jacevva's Jewellery Emporium.
 26189 | D:13     | Found Zuphof's Weapon Shop.
 26218 | D:13     | Found Igath's Distillery.
 26236 | D:13     | Found a gate leading to a gauntlet.
 26245 | Gauntlet | Entered a Gauntlet
 26245 | Gauntlet | Found a transporter.
 26245 | Gauntlet | Found a transporter.
 26254 | Gauntlet | Found a transporter.
 26257 | Gauntlet | Found a transporter.
 26258 | Gauntlet | Found a transporter.
 26260 | Gauntlet | Found a transporter.
 26301 | Gauntlet | Found a transporter.
 26304 | Gauntlet | Found a transporter.
 26304 | Gauntlet | Found a transporter.
 26319 | Gauntlet | Found a transporter.
 26335 | Gauntlet | Found a transporter.
 26344 | Gauntlet | Found a runed translucent door.
 26345 | Gauntlet | Found a transporter.
 26346 | Gauntlet | Found a runed translucent door.
 26349 | Gauntlet | Found a transporter.
 26417 | Gauntlet | Found a transporter.
 26565 | Gauntlet | Identified the ring "Vekkoedgh" {rC+ Stlth+}
 26841 | Gauntlet | Identified the staff of earth "Izinuoch" {rN++ Will+ Str+4
                  | Int-3}
 26842 | Gauntlet | Identified the ring of Uwnameut {Wiz rC+ Slay+2}
 27010 | Gauntlet | Identified the +2 helmet of the Equinox {Str+2 Int+2}
 27240 | D:13     | Noticed Snorg
 27252 | D:13     | Killed Snorg
 27330 | D:13     | Found Ycut's Antique Weapon Shop.
 27332 | D:13     | Found Rocw's Book Emporium.
 27436 | D:13     | Paralysed by a hornet for 2 turns
 27453 | D:13     | Reached skill level 1 in Invocations
 27479 | D:13     | Found a gate to the Vaults.
 27574 | D:13     | Noticed Sonja
 27583 | D:13     | Killed Sonja
 27903 | D:14     | Reached skill level 15 in Shields
 28548 | D:14     | Received a gift from Okawaru
 28739 | D:14     | Noticed Rupert
 28754 | D:14     | Killed Rupert
 28909 | D:14     | Found a runed translucent gate.
 28909 | D:14     | Found a runed translucent gate.
 28909 | D:14     | Found a runed translucent gate.
 28928 | D:14     | Noticed a shadow dragon
 28928 | D:14     | Noticed a frost giant
 28974 | D:14     | Identified the +9 quick blade "Impslayer" {flame, rElec rC+
                  | Dex-3}
 29331 | D:14     | Found a runed translucent gate.
 29331 | D:14     | Found a runed translucent gate.
 29331 | D:14     | Found a runed translucent gate.
 29594 | D:14     | Received a gift from Okawaru
 29595 | D:14     | HP: 1/136 [frost giant/bolt of cold (10)]
 30118 | D:15     | Entered Level 15 of the Dungeon
 30173 | D:15     | Reached XP level 16. HP: 80/150 MP: 16/16
 30553 | D:15     | Found a staircase to the Depths.
 30737 | D:15     | Noticed Nessos
 30775 | D:15     | Killed Nessos
 30965 | D:15     | Found a stormy altar of Qazlal.
 31121 | D:13     | Bought the +11 double sword of Blood-Lust {venom, Will+}
                  | for 1198 gold pieces
 31269 | D:15     | Noticed Jorgrun
 31284 | D:15     | Killed Jorgrun
 31427 | D:15     | Reached skill level 1 in Evocations
 31623 | D:15     | Found a basalt altar of Yredelemnul.
 31916 | D:14     | Killed a shadow dragon
 31926 | D:14     | Got Sif Muna's Spellbook of Vapourous Charms
 32964 | Elf:1    | Entered Level 1 of the Elven Halls
 33445 | Elf:1    | Identified the +3 ring mail of Feidgh {rElec rF+} (Okawaru
                  | gifted it to you on level 1 of the Elven Halls)
 33445 | Elf:1    | Received a gift from Okawaru
 33689 | Elf:1    | You fall into a shaft and drop 1 floor!
 33690 | Elf:2    | Noticed a deep elf blademaster
 34068 | Elf:1    | Paralysed by an air elemental for 1 turns
 34913 | Elf:2    | Paralysed by an air elemental for 1 turns
 34916 | Elf:2    | Paralysed by an air elemental for 1 turns
 35020 | Elf:2    | Found a runed translucent gate.
 35020 | Elf:2    | Found a runed translucent gate.
 35020 | Elf:2    | Found a runed translucent gate.
 35121 | Elf:2    | Reached XP level 17. HP: 161/161 MP: 17/17
 35395 | Elf:2    | Identified the +8 scimitar "Vuruih" {drain, rElec rC+ Will+
                  | rCorr} (Okawaru gifted it to you on level 2 of the Elven
                  | Halls)
 35395 | Elf:2    | Received a gift from Okawaru
 35894 | Elf:3    | Entered Level 3 of the Elven Halls
 35905 | Elf:3    | Paralysed by an air elemental for 1 turns
 36507 | Elf:3    | Paralysed by an air elemental for 1 turns
 36509 | Elf:3    | Paralysed by an air elemental for 1 turns
 36519 | Elf:3    | Received a gift from Okawaru
 36629 | Elf:3    | Noticed a deep elf blademaster
 36631 | Elf:3    | Noticed a deep elf blademaster
 36670 | Elf:3    | Killed a deep elf blademaster
 36933 | Elf:3    | Identified the +4 falchion "Tattletale" {antimagic, *Slow
                  | +Blink rPois Int-3 Dex+6}
 37045 | Elf:2    | Killed a deep elf blademaster
 37163 | Elf:3    | Identified the +8 rapier "Afemp" {heavy, rC+ Will- rCorr
                  | Stlth+}
 37173 | Elf:3    | Identified the ring "Docwizu" {Fly rF+ Int+4 Dex+6 Stlth+}
 37200 | Elf:3    | Identified the ring "Jast" {*Slow rElec rPois rC+ Stlth-}
 37200 | Elf:3    | Identified the ring "Eloiqep" {rC+ Str+4}
 37200 | Elf:3    | Noticed a deep elf master archer
 37206 | Elf:3    | Noticed a Tzitzimitl
 37207 | Elf:3    | Killed a deep elf master archer
 37217 | Elf:3    | Received a gift from Okawaru
 37747 | Elf:3    | Identified the staff of air "Fuzxaosh" {rElec Will+}
 38017 | Elf:3    | Identified the +0 long sword "Vetzioxu" {protect, rF- rC+++
                  | Will++ Dex+2}
 38499 | Elf:3    | Noticed an Ice Fiend
 39221 | Elf:3    | Reached XP level 18. HP: 139/167 MP: 18/18
 39683 | Spider:1 | Entered Level 1 of the Spider Nest
 40535 | Spider:1 | Received a gift from Okawaru
 41006 | Swamp:1  | Entered Level 1 of the Swamp
 41993 | Swamp:2  | Reached skill level 5 in Dodging
 42966 | Spider:2 | Identified the +0 scale mail of the Loofah {Int+2} (Okawaru
                  | gifted it to you on level 2 of the Spider Nest)
 42966 | Spider:2 | Received a gift from Okawaru
 45133 | Spider:4 | Entered Level 4 of the Spider Nest
 45581 | Spider:4 | Noticed Mara
 45585 | Spider:4 | Noticed Peloso's illusion
 45620 | Spider:4 | Noticed Peloso's illusion
 46206 | Spider:4 | Noticed Peloso's illusion
 46218 | Spider:3 | Killed Mara
 46386 | Spider:4 | Noticed Agnes
 46393 | Spider:4 | Killed Agnes
 46757 | Spider:4 | Reached XP level 19. HP: 171/174 MP: 19/19
 47878 | Spider:4 | Identified the +8 double sword "Bobiy" {protect, rElec}
                  | (Okawaru gifted it to you on level 4 of the Spider Nest)
 47878 | Spider:4 | Received a gift from Okawaru
 47951 | Spider:4 | Identified the +4 hat of the Moon {+Blink Regen+ Int+4}
 47977 | Spider:4 | Got a gossamer rune of Zot
 48836 | Swamp:4  | Entered Level 4 of the Swamp
 48851 | Swamp:4  | Found a frozen archway.
 48879 | IceCv    | Entered an ice cave
 49395 | IceCv    | Received a gift from Okawaru
 50459 | Swamp:4  | Got a decaying rune of Zot
 51616 | Vaults:1 | Entered Level 1 of the Vaults
 51652 | Vaults:1 | Reached XP level 20. HP: 169/193 MP: 20/20
 51661 | Vaults:1 | Received a gift from Okawaru
 52018 | Vaults:1 | Found a gateway to a bazaar.
 52030 | Bazaar   | Entered a bazaar
 52038 | Bazaar   | Found Wuniasap's Antique Weapon Emporium.
 52049 | Bazaar   | Found Pik Kaih's Antique Weapon Shoppe.
 52066 | Bazaar   | Found Otoivu Nacsa's Antique Armour Emporium.
 52077 | Bazaar   | Found Essokhlibuza's Antique Armour Shoppe.
 53679 | Vaults:2 | Found a staircase to the Crypt.
 53686 | Vaults:2 | Found a runed translucent gate.
 53686 | Vaults:2 | Found a runed translucent gate.
 53686 | Vaults:2 | Found an opulent altar of Gozag.
 53687 | Vaults:2 | Found a runed translucent gate.
 53687 | Vaults:2 | Found Haif's Assorted Antiques.
 53687 | Vaults:2 | Noticed Dacon's ghost (adept MiGl)
 54224 | Vaults:2 | Received a gift from Okawaru
 54273 | Vaults:2 | Noticed Margery
 54827 | Vaults:2 | Killed Margery
 55368 | Vaults:3 | Received a gift from Okawaru
 55404 | Vaults:3 | Reached XP level 21. HP: 166/204 MP: 21/21
 55862 | Vaults:3 | Reached skill level 27 in Shields
 56152 | Vaults:3 | Identified the +1 double sword "Kuskerpheti" {heavy, rF+}
                  | (Okawaru gifted it to you on level 3 of the Vaults)
 56152 | Vaults:3 | Received a gift from Okawaru
 57174 | Vaults:4 | Received a gift from Okawaru
 57240 | Vaults:4 | Identified the +3 hat of the Bruised Bounties {rF+}
                  | (Okawaru gifted it to you on level 4 of the Vaults)
 57240 | Vaults:4 | Received a gift from Okawaru
 57927 | Vaults:4 | Identified the ring "Purar" {Will+ Str+2}
 58021 | Vaults:4 | Noticed Aizul
 58029 | Vaults:4 | Killed Aizul
 58030 | Vaults:4 | Reached XP level 22. HP: 213/217 MP: 22/22
 59044 | Vaults:5 | Entered Level 5 of the Vaults
 59044 | Vaults:5 | Noticed a dread lich
 59256 | Vaults:4 | Killed a dread lich
 59489 | Vaults:4 | Identified the +2 robe of the Vacuum {+Inv rN+ Will+ Str+2}
                  | (Okawaru gifted it to you on level 4 of the Vaults)
 59489 | Vaults:4 | Received a gift from Okawaru
 59876 | Vaults:5 | Noticed a golden dragon
 60081 | Vaults:4 | Killed a golden dragon
 61578 | Vaults:5 | Identified the +6 dagger "Nestab" {heavy, rCorr}
 62442 | Vaults:5 | Noticed a dread lich
 62738 | Vaults:4 | Killed a dread lich
 63133 | Vaults:4 | Received a gift from Okawaru
 63224 | Vaults:5 | Noticed a golden dragon
 63231 | Vaults:5 | Noticed a dread lich
 63267 | Vaults:4 | Killed a dread lich
 63360 | Vaults:5 | Noticed Saint Roka
 63367 | Vaults:4 | Killed a golden dragon
 63642 | Vaults:5 | Killed Saint Roka
 63643 | Vaults:5 | Reached XP level 23. HP: 151/232 MP: 24/24
 63994 | Vaults:5 | Got a silver rune of Zot
 64463 | Vaults:5 | Noticed a dread lich
 64481 | Vaults:5 | Killed a dread lich
 64637 | Vaults:5 | Identified the +1 scale mail "Offakk" {Drain rC+ rN++ MP+9}
 64917 | Vaults:5 | Found Esuurif's Armour Boutique.
 65445 | D:11     | You paid a toll of 7 scrolls of fear to enter a treasure
                  | trove
 65446 | Trove    | Entered a treasure trove
 65451 | Trove    | Found the +15 Maxwell's patent armour {-Cast -Tele rElec
                  | Will+ rCorr}
 65455 | Trove    | Identified the ring of Midsummer {rElec rPois Str+6 Slay+6}
 65468 | Trove    | Identified the scarf "Uwimp" {shadows, rPois rN+ rCorr
                  | Dex-2}
 65476 | Trove    | Identified the +5 long sword of Ashenzari's Respect {pain,
                  | rC+ Int-5 Dex+2 SInv}
 65477 | Trove    | Identified the ring "Akoefymn" {rPois Str+6 Dex+3 Slay+2}
 68020 | Depths:1 | Entered Level 1 of the Depths
 68111 | Depths:1 | Found Upul's Jewellery Boutique.
 68120 | Depths:1 | Found Lueses's Antique Weapon Shop.
 68142 | Depths:1 | Found a one-way gate leading to the halls of Pandemonium.
 68527 | Depths:1 | Received a gift from Okawaru
 68610 | Depths:1 | Noticed the Enchantress
 68639 | Depths:1 | Killed the Enchantress
 68714 | Depths:1 | Found a gateway to Hell.
 69206 | Depths:1 | Found a one-way gateway to a ziggurat.
 69212 | Depths:1 | Gained mutation: You occasionally lose the ability to drink
                  | potions when taking damage. [a shining eye]
 69481 | Depths:1 | Found an iron altar of Okawaru.
 69923 | Slime:1  | Entered Level 1 of the Pits of Slime
 69926 | Slime:1  | Gained mutation: You are partially covered in iridescent
                  | scales. (AC +2) [a shining eye]
 69939 | Slime:1  | Gained mutation: You are dopey. (Int -2) [a shining eye]
 70098 | Slime:2  | Gained mutation: Potions are less effective at restoring
                  | your health. [a shining eye]
 70157 | Slime:3  | Lost mutation: You are dopey. (Int -2) [a shining eye]
 70160 | Slime:3  | Gained mutation: You are dopey. (Int -2) [a shining eye]
 70177 | Slime:5  | Entered Level 5 of the Pits of Slime
 70537 | Slime:5  | Identified the +2 pair of boots of the Fiddle {Fly rCorr}
                  | (Okawaru gifted it to you on level 5 of the Pits of Slime)
 70537 | Slime:5  | Received a gift from Okawaru
 70746 | Slime:5  | Noticed the Royal Jelly
 70756 | Slime:5  | Killed the Royal Jelly
 70757 | Slime:5  | Reached XP level 24. HP: 247/247 MP: 23/24
 70793 | Slime:5  | Gained mutation: You sometimes lose the ability to drink
                  | potions when taking damage. [a shining eye]
 70821 | Slime:5  | Identified the +2 quarterstaff of Qerr {protect, Fragile
                  | Int+3 Dex+7}
 70831 | Slime:5  | Got the Compendium of Hypothermia and Imprecation
 70866 | Slime:5  | Identified the +1 robe "Riwuogi" {rC+}
 70871 | Slime:5  | Identified the staff of conjuration "Ittus" {Dex+4}
 70886 | Slime:5  | Identified the +2 hand axe of Qixkyt Ycor {flame, *Noise
                  | *Slow Fly rC++}
 70889 | Slime:5  | Got a slimy rune of Zot
 70890 | Slime:5  | Identified the staff of poison "Sesierph" {rPois rF- rC++
                  | rN+++ rCorr}
 70901 | Slime:5  | Identified the +5 quick blade of the Desolation of Salt
                  | {protect, rPois rN+ Int+2 Dex-5}
 70941 | Slime:5  | Identified the +2 sling "Jiazaych" {flame, rPois Str+3
                  | Dex+4}
 71207 | Lair:1   | Lost mutation: Potions are less effective at restoring your
                  | health. [potion of mutation]
 71207 | Lair:1   | Lost mutation: You are dopey. (Int -2) [potion of mutation]
 71207 | Lair:1   | Lost mutation: You are partially covered in iridescent
                  | scales. (AC +2) [potion of mutation]
 71207 | Lair:1   | Gained mutation: You occasionally lose the ability to read
                  | scrolls when taking damage. [potion of mutation]
 71207 | Lair:1   | Gained mutation: Your system is resistant to poisons.
                  | (rPois) [potion of mutation]
 71207 | Lair:1   | Gained mutation: Your muscles are strong. (Str +4, Int/Dex
                  | -1) [potion of mutation]
 71211 | Lair:1   | Lost mutation: You sometimes lose the ability to drink
                  | potions when taking damage. [potion of mutation]
 71211 | Lair:1   | Lost mutation: You occasionally lose the ability to drink
                  | potions when taking damage. [potion of mutation]
 71211 | Lair:1   | Gained mutation: You are strong-willed. (Will+) [potion of
                  | mutation]
 71211 | Lair:1   | Gained mutation: You are partially covered in iridescent
                  | scales. (AC +2) [potion of mutation]
 71211 | Lair:1   | Gained mutation: You have sharp fingernails. [potion of
                  | mutation]
 71212 | Lair:1   | Lost mutation: You occasionally lose the ability to read
                  | scrolls when taking damage. [potion of mutation]
 71212 | Lair:1   | Lost mutation: You have sharp fingernails. [potion of
                  | mutation]
 71212 | Lair:1   | Gained mutation: You are somewhat resistant to further
                  | mutation. [potion of mutation]
 71602 | Depths:2 | Reached skill level 27 in Long Blades
 71702 | Depths:2 | Found a one-way gate to the infinite horrors of the Abyss.
 71841 | Depths:2 | Reached skill level 27 in Fighting
 71912 | Depths:2 | Noticed an ancient lich
 71918 | Depths:2 | Killed an ancient lich
 71987 | Depths:2 | Identified the +9 plate armour of the Hot Ocelot {rN+
                  | Will+}
 72174 | Depths:2 | Identified the +1 buckler "Heips" {rC+ Slay+2}
 72839 | Crypt:1  | Entered Level 1 of the Crypt
 72861 | Crypt:1  | Noticed Mennas
 72906 | Crypt:1  | Killed Mennas
 73669 | Crypt:2  | Identified the +0 plate armour of Okawaru's Vengeance
                  | {Drain rPois rC+ SInv} (Okawaru gifted it to you on level 2
                  | of the Crypt)
 73669 | Crypt:2  | Received a gift from Okawaru
 74266 | Crypt:2  | Identified the ring "Tecve" {Ice rElec Will++ Int+3}
 74266 | Crypt:2  | Noticed Josephina
 74301 | Crypt:2  | Killed Josephina
 74493 | Crypt:2  | Reached skill level 27 in Armour
 74507 | Crypt:2  | Reached skill level 5 in Invocations
 74929 | Crypt:3  | Entered Level 3 of the Crypt
 75104 | Crypt:3  | Found a staircase to the Tomb.
 75411 | Crypt:3  | Reached XP level 25. HP: 245/257 MP: 0/27
 75772 | Crypt:3  | Received a gift from Okawaru
 75796 | Crypt:3  | Got Gemyunel's Quarto of Conflagration
 75797 | Crypt:3  | Identified the +1 robe of the Equator {rCorr Slay+5}
 75804 | Crypt:3  | Identified the +7 sling of Prudence {drain, rN+ rCorr}
 75905 | Crypt:3  | Reached skill level 10 in Invocations
 76041 | Crypt:3  | Identified the +0 leather armour "Wuitocsa" {Str+5}
 76386 | Crypt:3  | Identified the ring of the Endless Defenders {Fly MP+9
                  | Slay+2}
 76398 | Crypt:3  | Acquired 741 gold pieces
 77063 | Depths:3 | Found Zouhulu's General Store.
 77122 | Depths:3 | Found Potouv's Book Shop.
 77164 | Depths:3 | Found Vaciorgh's Armour Shop.
 77181 | Depths:3 | Identified the +6 war axe of Distant Shores {drain, Dex+6}
 77261 | Depths:3 | Found Zopaem's Antique Weapon Emporium.
 77466 | Depths:3 | Noticed Frederick
 77475 | Depths:3 | Killed Frederick
 77499 | Depths:3 | Found Emnosk's Jewellery Shop.
 77780 | Depths:3 | Received a gift from Okawaru
 77879 | Depths:3 | Identified the +9 war axe of the Final Decision {holy,
                  | *Noise rN+ Str+3 SInv}
 78075 | Depths:4 | Entered Level 4 of the Depths
 78394 | Depths:4 | Found a gate to the Realm of Zot.
 78815 | Depths:4 | Reached skill level 15 in Invocations
 79095 | Depths:4 | Received a gift from Okawaru
 80228 | Zot:1    | Entered Level 1 of the Realm of Zot
 80331 | Zot:1    | Noticed Parghit
 80399 | Zot:1    | Killed Parghit
 80545 | Zot:1    | Reached XP level 26. HP: 266/266 MP: 34/34
 80662 | Zot:1    | Identified the ring "Dytzaah" {rPois rCorr AC+4 Dex-5
                  | Stlth+}
 80827 | Zot:1    | Identified the +0 plate armour "Ruemesu" {Will+ Int+3}
 81997 | Zot:2    | Received a gift from Okawaru
 82742 | Zot:3    | Noticed an orb of fire
 82751 | Zot:3    | Gained mutation: You are dopey. (Int -2) [an orb of fire]
 82753 | Zot:3    | Killed an orb of fire
 83052 | Zot:3    | Found a glowing golden altar of the Shining One.
 83111 | Zot:3    | Got the Secrets of Fire and Brimstone
 83409 | Zot:3    | Received a gift from Okawaru
 84574 | Zot:5    | Entered Level 5 of the Realm of Zot
 84588 | Zot:5    | Reached XP level 27. HP: 270/273 MP: 37/37
 84764 | Zot:5    | Received a gift from Okawaru
 85161 | Zot:5    | Reached skill level 5 in Stealth
 85217 | Zot:5    | Noticed a dread lich
 85318 | Zot:5    | Noticed an orb of fire
 85327 | Zot:5    | Noticed an orb of fire
 85327 | Zot:5    | Killed a dread lich
 85330 | Zot:5    | Noticed an ancient lich
 85332 | Zot:5    | Noticed an orb of fire
 85337 | Zot:5    | Killed an orb of fire
 85337 | Zot:5    | Noticed a dread lich
 85344 | Zot:5    | Noticed an ancient lich
 85350 | Zot:5    | Killed an orb of fire
 85361 | Zot:5    | Noticed a dread lich
 85364 | Zot:5    | Killed an orb of fire
 85372 | Zot:5    | Killed from afar by an ancient lich

Illustrated notes

Levels and vault maps discovered:
D:1:      elethiomel_arrival_shortcut, layout_loops_ring,
          hellmonk_ecumenical_altar_lost_god, st_stairs_3,
          chequers_serial_rivers_room_a
D:2:      layout_basic, serial_co_window_serial, co_window_corner_a,
          co_window_corner_a, co_window_corner_a, co_window_of_opportunity_a,
          co_window_of_opportunity_a, co_window_of_opportunity_b,
          co_window_unsneaky_path_a, co_window_unsneaky_path_c,
          co_window_2corner, co_window_corner_b, co_window_unsneaky_path_d,
          co_window_of_opportunity_b, glass_columns_a, glass_columns_b,
          cheibrodos_gnoll_hut, uniq_terence
D:3:      layout_basic, led_xom_imps, serial_co_window_serial,
          co_window_paths_a, co_window_paths_a, co_window_paths_b,
          co_window_corner_a, co_window_paths_a, co_window_paths_a,
          co_window_corner_a, co_window_corner_b, co_window_cross_3,
          co_window_of_opportunity_b, co_window_corner_b, co_window_corner_b,
          co_window_corner_b, co_window_corner_cb, co_window_paths_e,
          co_window_paths_d, glass_columns_a, ebering_ghost_rock_garden
D:4:      layout_cave_pools, old_standard_altar, enter_ossuary_1, uniq_grinder
D:5:      layout_cave_pools, kennysheep_generic_room_7, uniq_prince_ribbit1
D:6:      layout_rooms, lightli_temple_of_fire, minmay_temple_entry_sparse_star,
          serial_shops, shop
D:7:      layout_basic, gammafunk_temple_overflow_forgotten,
          nicolae_shop_self_help
D:8:      layout_basic
D:9:      layout_loops_ring, lemuel_crystal_altar, erik_lair_orcish_takeover,
          minivault_4, minmay_door_square
D:10:     layout_cave_pools
D:11:     layout_loops_corners, erik_orc_1, nicolae_trove_entry_diagonal,
          uniq_erolcha
D:12:     layout_loops_ring, ebering_ghost_reflecting_pool, uniq_kirke,
          uniq_urug
D:13:     layout_irregular_city, david_vaults_5, serial_shops,
          nicolae_shop_crystal, shop, nicolae_shop_back_alley_shop, shop, shop,
          gauntlet_entry_generic, uniq_sonja, uniq_snorg
D:14:     kennysheep_treasure_stockpile, layout_cave_pools,
          chequers_serial_rivers_micro_e, uniq_rupert
D:15:     gammafunk_depths_entry_grave, layout_loops_ring,
          nicolae_qazlal_general_emergency, lemuel_zombie_altar_yredelemnul,
          uniq_jorgrun, uniq_nessos
Temple:   nicolae_temple_superstar
Lair:1:   layout_big_grid
Lair:2:   layout_chaotic_city, swamp_mist, nicolae_spider_entry_orb_guardian,
          grunt_megastairs_3
Lair:3:   layout_roguey, grunt_megastairs_1, infiniplex_staircase_pool,
          uniq_amaemon
Lair:4:   gammafunk_mikee_crab_dinner, layout_regular_city, serial_bayou_ford_a,
          tgw_fedhas
Lair:5:   wormcave, layout_cave_pods, guppyfry_lair_end_dragon, slime_entry_1
Swamp:1:  layout_basic_swamp, hangedman_swamp_ruin_wall, swamp_pool1,
          nicolae_swamp_catching_bugs
Swamp:2:  layout_basic_swamp, hangedman_swamp_diagram, nzn_swamp_dancing_lights,
          infiniplex_staircase_pool_2
Swamp:3:  layout_falls_marsh, nicolae_swamp_stair_fork
Swamp:4:  nzn_swamp_witches_coven, layout_basic_swamp,
          portal_ice_cave_entry_ugly_swarm
Spider:1: layout_spider_delve
Spider:2: layout_cave_pods, nicolae_spider_scorpion_nest
Spider:3: layout_spider_delve
Spider:4: floodkiller_spider_rune_tomb, uniq_mara, uniq_agnes
Slime:1:  nicolae_slime_jelly_donut, layout_caves
Slime:2:  layout_caves
Slime:3:  layout_caves, nicolae_slime_crime_time
Slime:4:  layout_caves
Slime:5
Orc:1:    dreamdust_under_siege, layout_diamond_mine, basic_altar, special_room
          [special_room_kobold]
Orc:2:    st_orc_town, layout_diamond_mine, basic_altar, serial_shops,
          nicolae_square_shop
Elf:1:    eino_elf_arrival_sip, layout_gridlike,
          hangedman_elven_crosses_minicolossus, serial_sigils_hangedman_shear
Elf:2:    elven_hall_of_blades_hangedman_original [nicolae_blade_bullseye],
          layout_geoelf_grid
Elf:3:    minmay_elf_hall_not_hex, layout_loops_cross, serial_sigils,
          serial_sigils_hangedman_snap, serial_sigils_hangedman_stare,
          serial_sigils_hangedman_confine, serial_sigils_hangedman_gut,
          serial_sigils_hangedman_gnaw, small_chamber_with_monster,
          amcnicky_mini_rare_corridor_liquid, minivault_25_ag
Vaults:1: vaults_mumra_minichess, grunt_vaults_trifunnel, v_misc_29,
          nicolae_vaults_specimen_jars, vaults_room_door_ring, v_misc_29,
          nicolae_vaults_double_plus_2, nicolae_vaults_loss_of_containment,
          layout_vaults_omnigrid, serial_shops, statue_bzr
Vaults:2: ebering_ghost_gozag, nicolae_vaults_variable_pillar_hall,
          nicolae_vaults_closet_pinwheel_4, vaults_room_pools, st_octagons_2,
          hangedman_vaults_pinch, nicolae_vaults_closet_pinwheel_2,
          nicolae_vaults_heist, nicolae_vaults_closet_pinwheel_3, v_rooms_3,
          nicolae_vaults_hexular_roomagon, nicolae_vaults_house_3,
          nicolae_vaults_gold_heap, layout_vaults_big_cross, uniq_margery
Vaults:3: nicolae_vaults_more_shelving_1, hangedman_vaults_cutoff, v_misc_16,
          ontoclasm_vaults_loading_screen, nicolae_vaults_library_corner,
          vaults_standard_mumra_enter_the_diamond, vaults_dpeg_diagonal,
          v_rooms_4, grunt_vaults_swirl, vaults_room_corners,
          nicolae_vaults_shelves_hall, nicolae_vaults_tetromino_L_1, v_misc_8,
          v_alt_pattern_1, layout_vaults_omnibox
Vaults:4: v_misc_10, nicolae_vaults_trapezoid_lopsided_4,
          nicolae_vaults_octothorpe, nicolae_vaults_storage_closets_2,
          nicolae_vaults_heart-shaped_vault, st_quartered_hall,
          nicolae_vaults_big_ls, v_misc_19, ontoclasm_vaults_fault,
          nicolae_vaults_sealed_display, nicolae_vaults_rhombus_5,
          vaults_room_corners, layout_vaults_maze_snakey, uniq_aizul
Vaults:5: uniq_saint_roka
Crypt:1:  statuecave_lemuel, layout_misc_corridors, uniq_mennas
Crypt:2:  layout_basic, special_room [special_room_morgue], glass_columns_b,
          uniq_josephina
Crypt:3:  due_elkab, layout_chaotic_city, st_stairs_14
Depths:1: layout_cave_shapes, enter_ziggurat_d, minmay_misc_feat_tower,
          pan_entry, hell_entry, okawaru_altar_gauntlet_db, minmay_shoptagon,
          uniq_enchantress
Depths:2: minmay_the_grid_3x3 [minmay_the_grid_eight,
          minmay_the_grid_diamond_grid, minmay_the_grid_large_cup,
          minmay_the_grid_embedded, minmay_the_grid_gridbox,
          minmay_the_grid_plusring, minmay_the_grid_slots,
          minmay_the_grid_tri_star, minmay_the_grid_prize_inner_circle],
          layout_gridlike, abyss_entry, hell_entry, chequers_jeans,
          rand_demon_pan_entry_7, nicolae_concentric_dashed_squares_mild,
          minmay_staircase_statues
Depths:3: minmay_broken_ring, layout_basic, grunt_mini_vestibule,
          skrybe_limestone_x, serial_shops, kennysheep_mini,
          nicolae_square_shop, shop, nicolae_shop_hallway_plus, shop,
          abyss_entry, serial_bayou_shore_a, uniq_frederick
Depths:4: grunt_zot_entry_pinwheel, layout_honeycomb, hell_entry,
          minmay_misc_feat_ornament
Zot:1:    layout_gridlike, grunt_megastairs_2, uniq_parghit
Zot:2:    kennysheep_six_static_rooms, layout_twisted_circle
Zot:3:    nicolae_zot_draconian_monastery, layout_misc_corridors
Zot:4:    layout_gridlike
Zot:5:    layout_gridlike, nicolae_lava_and_water, bh_zot_ikea_curve

Skill      XL: |  1  2  3  4  5  6  7  8  9 10 11 12 13 14 15 16 17 18 19 20 21 22 23 24 25 26 27 |
---------------+----------------------------------------------------------------------------------+-----
Fighting       | 4 5 6 7 9 10 12 13 14 15 17 18 19 20 21 22 24 26 27 | 27.0
Long Blades    | 3 4 5 6 7 9 11 13 14 16 17 18 19 20 21 22 24 25 26 27 | 27.0
Shields        | 4 5 6 8 9 10 13 16 18 21 23 24 26 27 | 27.0
Armour         | 4 5 6 8 10 11 13 14 15 16 17 18 19 21 22 24 27 | 27.0
Dodging        | 1 2 3 4 5 6 7 |  7.2
Stealth        | 1 2 3 4 5 |  5.8
Invocations    | 1 2 3 7 16 22 23 | 23.6
Evocations     | 1 |  1.8
Axes           | |  0.1

Action                     |  1- 3 |  4- 6 |  7- 9 | 10-12 | 13-15 | 16-18 | 19-21 | 22-24 | 25-27 || total
---------------------------+-------+-------+-------+-------+-------+-------+-------+-------+-------++-------
  Melee: Long sword        |    86 |   110 |    63 |       |       |       |       |       |       ||   259
         Headbutt          |    12 |    18 |    52 |   123 |   356 |   400 |   639 |   772 |   598 ||  2970
         Double sword      |       |       |   190 |   579 |  1306 |  1284 |  1956 |  1985 |  1564 ||  8864
         Hand axe          |       |       |       |       |     9 |       |       |       |       ||     9
         Scimitar          |       |       |       |       |       |   207 |       |    62 |       ||   269
 Invoke: Heroism           |       |       |       |     2 |    12 |    11 |     5 |    26 |     7 ||    63
  Evoke: Wand              |       |     3 |     1 |       |       |     6 |       |    10 |       ||    20
    Use: Scroll            |     2 |       |    14 |     5 |    15 |     8 |    10 |    24 |     2 ||    80
         Potion            |     1 |     1 |       |       |     2 |     3 |     4 |    19 |     4 ||    34
   Stab: Distracted        |       |       |       |       |     1 |       |       |       |       ||     1
         Confused          |       |       |       |       |       |       |       |       |     1 ||     1
 Armour: Scale mail        |    35 |    13 |       |       |       |       |       |       |       ||    48
         Chain mail        |       |    22 |   119 |    22 |       |       |       |       |       ||   163
         Plate armour      |       |       |       |   325 |   570 |   435 |   747 |   136 |       ||  2213
         Gold dragon scale |       |       |       |       |       |       |       |   756 |   676 ||  1432
  Dodge: Dodged            |    44 |    36 |   115 |   206 |   317 |   207 |   412 |   457 |   344 ||  2138
  Block: Buckler           |    24 |    28 |    88 |   174 |   124 |       |       |       |       ||   438
         Tower shield      |       |       |       |       |  1293 |  2022 |  3191 |  2949 |  1906 || 11361
         Reflection        |       |       |       |       |       |   127 |    97 |    66 |       ||   290
